 Dungeon Crawl Stone Soup version 0.31-a0-198-g2ad674f65e (webtiles) character file.

Game seed: 10938618636145135623

1884 qw the Skirmisher (level 8, -2/46 HPs)
             Began as a Deep Elf Hunter on June 25, 2023.
             Was a Believer of Okawaru.
             Slain by a gnoll
             ... wielding a +0 spear
             ... led by a gnoll sergeant
              (5 damage)
             ... on level 6 of the Dungeon.
             The game lasted 00:04:13 (5320 turns).

qw the Skirmisher (Deep Elf Hunter)                 Turns: 5320, Time: 00:04:13

Health: -2/46      AC:  8    Str: 10    XL:     8   Next: 92%
Magic:  12/13      EV: 18    Int: 15    God:    Okawaru [**....]
Gold:   378        SH:  0    Dex: 24    Spells: 7/7 levels left

rFire   . . .        Y - +1 shortbow
rCold   . . .        (shield currently unavailable)
rNeg    . . .        h - +0 ring mail
rPois   .            (no helmet)
rElec   .            (no cloak)
rCorr   .            g - +0 pair of gloves
SInv    .            f - +0 pair of boots
Will    .....        (no amulet)
Stlth   +++          e - +6 ring of dexterity
HPRegen 0.27/turn    (no ring)
MPRegen 0.13/turn

%: no passive effects
@: heroic
A: no striking features
a: Renounce Religion, Heroism


You were on level 6 of the Dungeon.
You worshipped Okawaru.
Okawaru was pleased with you.
You visited 2 branches of the dungeon, and saw 7 of its levels.

You collected 378 gold pieces.


   Skills:
 - Level 3.5(8.5) Fighting
 + Level 12.7(17.7) Ranged Weapons
 - Level 1.2(6.2) Armour
 - Level 5.5(10.5) Dodging
 - Level 1.2(6.2) Stealth
 - Level 4.1 Invocations


You had 7 spell levels left.
You didn't know any spells.
Your spell library was empty.

Inventory:

Hand Weapons
 Y - a +1 shortbow (weapon)
Armour
 f - a +0 pair of boots (worn)
 g - a +0 pair of gloves (worn)
 h - a +0 ring mail (worn)
Jewellery
 e - a +6 ring of dexterity (left hand)
Scrolls
 b - 3 scrolls of identify
Potions
 c - a potion of heal wounds {unknown}
 d - a potion of might {unknown}
 k - a potion of enlightenment {unknown}

Dungeon Overview and Level Annotations

Branches:
Dungeon (6/15)             Temple (1/1) D:4

Altars:
Ashenzari
Cheibriados
Elyvilon
Fedhas
Gozag
Hepliaklqana
Kikubaaqudgha
Makhleb
Nemelex Xobeh
Okawaru
Qazlal
Ru
Sif Muna
Trog
Uskayaw
Vehumet
Wu Jian
Zin
The Shining One


Message History

You gain the combat prowess of a mighty hero.
A gnoll comes into view. It is wielding a +0 club.
The gnoll sergeant closely misses you.
You shoot an arrow. The arrow hits the gnoll sergeant.
The gnoll sergeant is almost dead.
You shoot an arrow.
The arrow hits the gnoll sergeant but does no damage.
The gnoll sergeant is almost dead.
The gnoll sergeant hits you from afar with a +0 spear.
You shoot an arrow. The arrow barely misses the gnoll.
The gnoll sergeant blocks the arrow.
The gnoll misses you.
The gnoll sergeant completely misses you.
You shoot an arrow. The arrow barely misses the gnoll.
The arrow completely misses the gnoll sergeant.
The gnoll misses you.
The gnoll sergeant hits you from afar with a +0 spear.
You shoot an arrow.
The arrow hits the gnoll but does no damage.
The gnoll hits you but does no damage. The gnoll hits you with a +0 flail.
The gnoll misses you.
The gnoll sergeant hits you from afar with a +0 spear!
You shoot an arrow. The arrow hits the gnoll!
You kill the gnoll!
Okawaru accepts your kill. The gnoll barely misses you. The gnoll misses you.
The gnoll sergeant misses you.
You shoot an arrow.
The arrow hits the gnoll but does no damage.
You shoot an arrow. The arrow hits the gnoll!
The gnoll is almost dead.
The gnoll closely misses you. x2
The gnoll sergeant hits you but does no damage.
You shoot an arrow. The arrow closely misses the gnoll.
The gnoll hits you from afar with a +0 spear.
The gnoll completely misses you.
The gnoll sergeant hits you from afar with a +0 spear.
You shoot an arrow. The arrow barely misses the gnoll.
The gnoll hits you from afar with a +0 spear.
You die...

##.##....### #...## .
...........######...##..#
/..............).....#...
.........................
........#####............
.........# ###...........
..........# ###.........
....#......#####..........
..###...........@gg......
.## ...........g.g......
## .......####..... #
......# #.... ...... ....
...... ... # .....# ..#
#.... ...


You could see a gnoll sergeant and 3 gnolls.

Vanquished Creatures
  Grinder (D:5)
  Sigmund (D:5)
  Edmund (D:5)
  3 ice beasts (D:5)
  2 ogres
  4 scorpions
  2 wights (D:6)
  A howler monkey (D:6)
  4 hounds
  A gnoll bouda (D:6)
  2 sleepcaps
  Ijyb (D:4)
  3 iguanas
  2 orc wizards
  8 adders
  5 gnolls (D:6)
  A shadow imp (D:4)
  2 white imps
  2 ufetubi
  3 worms (D:2)
  11 orcs
  3 bats
  12 endoplasms
  3 giant cockroaches
  7 goblins
  4 hobgoblins
  6 kobolds
  3 quokkas
  8 ball pythons
  5 frilled lizards
  2 rats
113 creatures vanquished.

Notes
Turn   | Place    | Note
-------+----------+-------------------------------------------
     0 | D:1      | qw the Deep Elf Hunter began the quest for the Orb.
     0 | D:1      | Reached XP level 1. HP: 12/12 MP: 3/3
     0 | D:1      | 0 ||| qw: Version: 0.3-a-22-g0ed2b0b
     0 | D:1      | 0 ||| qw: Game counter: 5378
     0 | D:1      | 0 ||| qw: Melee chars always use a shield: true
     0 | D:1      | 0 ||| qw: God list: Okawaru
     0 | D:1      | 0 ||| qw: Allow faded altars: false
     0 | D:1      | 0 ||| qw: Do Orc after clearing Dungeon:15 true
     0 | D:1      | 0 ||| qw: Do second Lair branch before Depths: true
     0 | D:1      | 0 ||| qw: Lair rune preference: random
     0 | D:1      | 0 ||| qw: Goals: Normal
     0 | D:1      | 0 ||| PLANNING D:1-11
   138 | D:1      | Reached XP level 2. HP: 11/16 MP: 4/4
   219 | D:1      | Reached skill level 6 in Ranged Weapons
   710 | D:1      | 710 ||| UPGRADING to amulet of guardian spirit.
   715 | D:1      | 715 ||| UPGRADING to +6 ring of dexterity.
   716 | D:1      | 716 ||| READING 2 scrolls labelled BUSOZI TIDGHEYCS.
   717 | D:1      | 717 ||| DRINKING 2 golden potions.
   755 | D:1      | 755 ||| DROPPING scroll of blinking.
   756 | D:1      | 756 ||| DROPPING scroll of butterflies.
   757 | D:1      | 757 ||| DROPPING potion of lignification.
   817 | D:2      | Reached XP level 3. HP: 20/20 MP: 5/5
   941 | D:2      | Reached skill level 7 in Ranged Weapons
   986 | D:2      | Reached skill level 3 in Dodging
   995 | D:2      | Reached XP level 4. HP: 15/25 MP: 4/6
  1615 | D:2      | 1615 ||| UPGRADING to +0 pair of gloves.
  1620 | D:2      | 1620 ||| UPGRADING to +0 ring mail.
  1630 | D:2      | 1630 ||| DROPPING +0 leather armour.
  1631 | D:2      | 1631 ||| READING scroll labelled CYMNISHRILEWN.
  1632 | D:2      | 1632 ||| READING scroll labelled ARUYS QIMUS.
  1633 | D:2      | 1633 ||| READING scroll labelled NOLIMM XUUKULA.
  1634 | D:2      | 1634 ||| READING 3 scrolls labelled BOHAOL WOER.
  1635 | D:2      | 1635 ||| READING scroll labelled POGROO HUTWA.
  1636 | D:2      | 1636 ||| DROPPING 2 scrolls of fog.
  1745 | D:3      | Found a glowing golden altar of the Shining One.
  2234 | D:3      | Found a sacrificial altar of Ru.
  2305 | D:3      | 2305 ||| UPGRADING to +0 pair of boots.
  2310 | D:3      | 2310 ||| DROPPING ring of magical power.
  2311 | D:3      | 2311 ||| READING scroll labelled SOTUPE BY FEG.
  2312 | D:3      | 2312 ||| READING 2 scrolls of identify.
  2312 | D:3      | 2312 ||| IDENTIFYING inky potion
  2331 | D:4      | 2331 ||| PLANNING OSSUARY
  2336 | D:4      | Reached skill level 8 in Ranged Weapons
  2336 | D:4      | Reached XP level 5. HP: 29/29 MP: 7/7
  2602 | D:4      | Found a sand-covered staircase.
  2603 | D:4      | 2603 ||| READING scroll labelled KABUKHL JOCIM.
  2604 | D:4      | 2604 ||| READING scroll labelled LENAUC QIGGECI.
  2607 | D:4      | 2607 ||| READING scroll labelled XOUHOYCZAY.
  2608 | D:4      | 2608 ||| Stepping randomly (stuck).
  2609 | D:4      | 2609 ||| Stepping randomly (stuck).
  2610 | D:4      | 2610 ||| Stepping randomly (stuck).
  2611 | D:4      | 2611 ||| Stepping randomly (stuck).
  2617 | D:4      | Reached skill level 9 in Ranged Weapons
  2617 | D:4      | 2617 ||| Stepping randomly (stuck).
  2618 | D:4      | 2618 ||| Stepping randomly (stuck).
  2619 | D:4      | 2619 ||| Stepping randomly (stuck).
  2620 | D:4      | 2620 ||| Stepping randomly (stuck).
  2621 | D:4      | 2621 ||| Stepping randomly (stuck).
  2622 | D:4      | 2622 ||| Stepping randomly (stuck).
  2623 | D:4      | 2623 ||| Stepping randomly (stuck).
  2624 | D:4      | 2624 ||| Stepping randomly (stuck).
  2625 | D:4      | 2625 ||| Stepping randomly (stuck).
  2626 | D:4      | 2626 ||| Stepping randomly (stuck).
  2627 | D:4      | 2627 ||| Stepping randomly (stuck).
  2628 | D:4      | 2628 ||| Stepping randomly (stuck).
  2629 | D:4      | 2629 ||| Stepping randomly (stuck).
  2630 | D:4      | 2630 ||| Stepping randomly (stuck).
  2631 | D:4      | 2631 ||| Stepping randomly (stuck).
  2632 | D:4      | 2632 ||| Stepping randomly (stuck).
  2633 | D:4      | 2633 ||| Stepping randomly (stuck).
  2634 | D:4      | 2634 ||| Stepping randomly (stuck).
  2635 | D:4      | 2635 ||| Stepping randomly (stuck).
  2636 | D:4      | 2636 ||| Stepping randomly (stuck).
  2637 | D:4      | 2637 ||| Stepping randomly (stuck).
  2638 | D:4      | 2638 ||| Stepping randomly (stuck).
  2639 | D:4      | 2639 ||| Stepping randomly (stuck).
  2640 | D:4      | 2640 ||| Stepping randomly (stuck).
  2641 | D:4      | 2641 ||| Stepping randomly (stuck).
  2642 | D:4      | 2642 ||| Stepping randomly (stuck).
  2643 | D:4      | 2643 ||| Stepping randomly (stuck).
  2644 | D:4      | 2644 ||| Stepping randomly (stuck).
  2645 | D:4      | 2645 ||| Stepping randomly (stuck).
  2646 | D:4      | 2646 ||| Stepping randomly (stuck).
  2647 | D:4      | 2647 ||| Stepping randomly (stuck).
  2648 | D:4      | 2648 ||| Stepping randomly (stuck).
  2649 | D:4      | 2649 ||| Stepping randomly (stuck).
  2650 | D:4      | 2650 ||| Stepping randomly (stuck).
  2651 | D:4      | 2651 ||| Stepping randomly (stuck).
  2652 | D:4      | 2652 ||| Stepping randomly (stuck).
  2653 | D:4      | 2653 ||| Stepping randomly (stuck).
  2653 | D:4      | Found a staircase to the Ecumenical Temple.
  2658 | D:4      | 2658 ||| Stepping randomly (stuck).
  2659 | D:4      | 2659 ||| Stepping randomly (stuck).
  2660 | D:4      | 2660 ||| Stepping randomly (stuck).
  2661 | D:4      | 2661 ||| Stepping randomly (stuck).
  2662 | D:4      | 2662 ||| Stepping randomly (stuck).
  2663 | D:4      | 2663 ||| Stepping randomly (stuck).
  2664 | D:4      | 2664 ||| Stepping randomly (stuck).
  2665 | D:4      | 2665 ||| Stepping randomly (stuck).
  2666 | D:4      | 2666 ||| Stepping randomly (stuck).
  2667 | D:4      | 2667 ||| Stepping randomly (stuck).
  2668 | D:4      | 2668 ||| Stepping randomly (stuck).
  2669 | D:4      | 2669 ||| Stepping randomly (stuck).
  2670 | D:4      | 2670 ||| Stepping randomly (stuck).
  2672 | D:4      | 2672 ||| Stepping randomly (stuck).
  2673 | D:4      | 2673 ||| Stepping randomly (stuck).
  2674 | D:4      | 2674 ||| Stepping randomly (stuck).
  2675 | D:4      | 2675 ||| Stepping randomly (stuck).
  2676 | D:4      | 2676 ||| Stepping randomly (stuck).
  2677 | D:4      | 2677 ||| Stepping randomly (stuck).
  2678 | D:4      | 2678 ||| Stepping randomly (stuck).
  2679 | D:4      | 2679 ||| Stepping randomly (stuck).
  2680 | D:4      | 2680 ||| Stepping randomly (stuck).
  2681 | D:4      | 2681 ||| Stepping randomly (stuck).
  2682 | D:4      | 2682 ||| Stepping randomly (stuck).
  2683 | D:4      | 2683 ||| Stepping randomly (stuck).
  2684 | D:4      | 2684 ||| Stepping randomly (stuck).
  2685 | D:4      | 2685 ||| Stepping randomly (stuck).
  2686 | D:4      | 2686 ||| Stepping randomly (stuck).
  2687 | D:4      | 2687 ||| Stepping randomly (stuck).
  2688 | D:4      | 2688 ||| Stepping randomly (stuck).
  2689 | D:4      | 2689 ||| Stepping randomly (stuck).
  2690 | D:4      | 2690 ||| Stepping randomly (stuck).
  2691 | D:4      | 2691 ||| Stepping randomly (stuck).
  2692 | D:4      | 2692 ||| Stepping randomly (stuck).
  2693 | D:4      | 2693 ||| Stepping randomly (stuck).
  2694 | D:4      | 2694 ||| Stepping randomly (stuck).
  2695 | D:4      | 2695 ||| Stepping randomly (stuck).
  2696 | D:4      | 2696 ||| Stepping randomly (stuck).
  2697 | D:4      | 2697 ||| Stepping randomly (stuck).
  2698 | D:4      | 2698 ||| Stepping randomly (stuck).
  2699 | D:4      | 2699 ||| Stepping randomly (stuck).
  2700 | D:4      | 2700 ||| Stepping randomly (stuck).
  2701 | D:4      | 2701 ||| Stepping randomly (stuck).
  2702 | D:4      | 2702 ||| Stepping randomly (stuck).
  2703 | D:4      | 2703 ||| Stepping randomly (stuck).
  2704 | D:4      | 2704 ||| Stepping randomly (stuck).
  2705 | D:4      | 2705 ||| Stepping randomly (stuck).
  2706 | D:4      | 2706 ||| Stepping randomly (stuck).
  2707 | D:4      | 2707 ||| Stepping randomly (stuck).
  2708 | D:4      | 2708 ||| Stepping randomly (stuck).
  2709 | D:4      | 2709 ||| Stepping randomly (stuck).
  2710 | D:4      | 2710 ||| Stepping randomly (stuck).
  2711 | D:4      | 2711 ||| Stepping randomly (stuck).
  2712 | D:4      | 2712 ||| Stepping randomly (stuck).
  2713 | D:4      | 2713 ||| Stepping randomly (stuck).
  2714 | D:4      | 2714 ||| Stepping randomly (stuck).
  2715 | D:4      | 2715 ||| Stepping randomly (stuck).
  2716 | D:4      | 2716 ||| Stepping randomly (stuck).
  2717 | D:4      | 2717 ||| Stepping randomly (stuck).
  2718 | D:4      | 2718 ||| Stepping randomly (stuck).
  2719 | D:4      | 2719 ||| Stepping randomly (stuck).
  2720 | D:4      | 2720 ||| Stepping randomly (stuck).
  2721 | D:4      | 2721 ||| Stepping randomly (stuck).
  2722 | D:4      | 2722 ||| Stepping randomly (stuck).
  2723 | D:4      | 2723 ||| Stepping randomly (stuck).
  2724 | D:4      | 2724 ||| Stepping randomly (stuck).
  2725 | D:4      | 2725 ||| Stepping randomly (stuck).
  2726 | D:4      | 2726 ||| Stepping randomly (stuck).
  2727 | D:4      | 2727 ||| Stepping randomly (stuck).
  2728 | D:4      | 2728 ||| Stepping randomly (stuck).
  2729 | D:4      | 2729 ||| Stepping randomly (stuck).
  2730 | D:4      | 2730 ||| Stepping randomly (stuck).
  2731 | D:4      | 2731 ||| Stepping randomly (stuck).
  2732 | D:4      | 2732 ||| Stepping randomly (stuck).
  2733 | D:4      | 2733 ||| Stepping randomly (stuck).
  2734 | D:4      | 2734 ||| Stepping randomly (stuck).
  2735 | D:4      | 2735 ||| Stepping randomly (stuck).
  2736 | D:4      | 2736 ||| Stepping randomly (stuck).
  2737 | D:4      | 2737 ||| Stepping randomly (stuck).
  2738 | D:4      | 2738 ||| Stepping randomly (stuck).
  2739 | D:4      | 2739 ||| Stepping randomly (stuck).
  2740 | D:4      | 2740 ||| Stepping randomly (stuck).
  2741 | D:4      | 2741 ||| Stepping randomly (stuck).
  2742 | D:4      | 2742 ||| Stepping randomly (stuck).
  2743 | D:4      | 2743 ||| Stepping randomly (stuck).
  2744 | D:4      | 2744 ||| Stepping randomly (stuck).
  2745 | D:4      | 2745 ||| Stepping randomly (stuck).
  2746 | D:4      | 2746 ||| Stepping randomly (stuck).
  2747 | D:4      | 2747 ||| Stepping randomly (stuck).
  2748 | D:4      | 2748 ||| Stepping randomly (stuck).
  2749 | D:4      | 2749 ||| Stepping randomly (stuck).
  2750 | D:4      | 2750 ||| Stepping randomly (stuck).
  2751 | D:4      | 2751 ||| Stepping randomly (stuck).
  2752 | D:4      | 2752 ||| Stepping randomly (stuck).
  2753 | D:4      | 2753 ||| Stepping randomly (stuck).
  2754 | D:4      | 2754 ||| Stepping randomly (stuck).
  2755 | D:4      | 2755 ||| Stepping randomly (stuck).
  2756 | D:4      | 2756 ||| Stepping randomly (stuck).
  2757 | D:4      | 2757 ||| Stepping randomly (stuck).
  2758 | D:4      | 2758 ||| Stepping randomly (stuck).
  2759 | D:4      | 2759 ||| Stepping randomly (stuck).
  2760 | D:4      | 2760 ||| Stepping randomly (stuck).
  2761 | D:4      | 2761 ||| Stepping randomly (stuck).
  2762 | D:4      | 2762 ||| Stepping randomly (stuck).
  2763 | D:4      | 2763 ||| Stepping randomly (stuck).
  2764 | D:4      | 2764 ||| Stepping randomly (stuck).
  2765 | D:4      | 2765 ||| Stepping randomly (stuck).
  2766 | D:4      | 2766 ||| Stepping randomly (stuck).
  2767 | D:4      | 2767 ||| Stepping randomly (stuck).
  2768 | D:4      | 2768 ||| Stepping randomly (stuck).
  2769 | D:4      | 2769 ||| Stepping randomly (stuck).
  2770 | D:4      | 2770 ||| Stepping randomly (stuck).
  2771 | D:4      | 2771 ||| Stepping randomly (stuck).
  2772 | D:4      | 2772 ||| Stepping randomly (stuck).
  2773 | D:4      | 2773 ||| Stepping randomly (stuck).
  2774 | D:4      | 2774 ||| Stepping randomly (stuck).
  2775 | D:4      | 2775 ||| Stepping randomly (stuck).
  2776 | D:4      | 2776 ||| Stepping randomly (stuck).
  2777 | D:4      | 2777 ||| Stepping randomly (stuck).
  2778 | D:4      | 2778 ||| Stepping randomly (stuck).
  2779 | D:4      | 2779 ||| Stepping randomly (stuck).
  2780 | D:4      | 2780 ||| Stepping randomly (stuck).
  2781 | D:4      | 2781 ||| Stepping randomly (stuck).
  2782 | D:4      | 2782 ||| Stepping randomly (stuck).
  2783 | D:4      | 2783 ||| Stepping randomly (stuck).
  2784 | D:4      | 2784 ||| Stepping randomly (stuck).
  2785 | D:4      | 2785 ||| Stepping randomly (stuck).
  2786 | D:4      | 2786 ||| Stepping randomly (stuck).
  2787 | D:4      | 2787 ||| Stepping randomly (stuck).
  2788 | D:4      | 2788 ||| Stepping randomly (stuck).
  2789 | D:4      | 2789 ||| Stepping randomly (stuck).
  2790 | D:4      | 2790 ||| Stepping randomly (stuck).
  2791 | D:4      | 2791 ||| Stepping randomly (stuck).
  2792 | D:4      | 2792 ||| Stepping randomly (stuck).
  2793 | D:4      | 2793 ||| Stepping randomly (stuck).
  2794 | D:4      | 2794 ||| Stepping randomly (stuck).
  2795 | D:4      | 2795 ||| Stepping randomly (stuck).
  2796 | D:4      | 2796 ||| Stepping randomly (stuck).
  2797 | D:4      | 2797 ||| Stepping randomly (stuck).
  2798 | D:4      | 2798 ||| Stepping randomly (stuck).
  2799 | D:4      | 2799 ||| Stepping randomly (stuck).
  2800 | D:4      | 2800 ||| Stepping randomly (stuck).
  2801 | D:4      | 2801 ||| Stepping randomly (stuck).
  2802 | D:4      | 2802 ||| Stepping randomly (stuck).
  2803 | D:4      | 2803 ||| Stepping randomly (stuck).
  2804 | D:4      | 2804 ||| Stepping randomly (stuck).
  2805 | D:4      | 2805 ||| Stepping randomly (stuck).
  2806 | D:4      | 2806 ||| Stepping randomly (stuck).
  2807 | D:4      | 2807 ||| Stepping randomly (stuck).
  2808 | D:4      | 2808 ||| Stepping randomly (stuck).
  2809 | D:4      | 2809 ||| Stepping randomly (stuck).
  2810 | D:4      | 2810 ||| Stepping randomly (stuck).
  2811 | D:4      | 2811 ||| Stepping randomly (stuck).
  2812 | D:4      | 2812 ||| Stepping randomly (stuck).
  2813 | D:4      | 2813 ||| Stepping randomly (stuck).
  2814 | D:4      | 2814 ||| Stepping randomly (stuck).
  2815 | D:4      | 2815 ||| Stepping randomly (stuck).
  2816 | D:4      | 2816 ||| Stepping randomly (stuck).
  2817 | D:4      | 2817 ||| Stepping randomly (stuck).
  2818 | D:4      | 2818 ||| Stepping randomly (stuck).
  2819 | D:4      | 2819 ||| Stepping randomly (stuck).
  2820 | D:4      | 2820 ||| Stepping randomly (stuck).
  2821 | D:4      | 2821 ||| Stepping randomly (stuck).
  2822 | D:4      | 2822 ||| Stepping randomly (stuck).
  2823 | D:4      | 2823 ||| Stepping randomly (stuck).
  2824 | D:4      | 2824 ||| Stepping randomly (stuck).
  2825 | D:4      | 2825 ||| Stepping randomly (stuck).
  2826 | D:4      | 2826 ||| Stepping randomly (stuck).
  2827 | D:4      | 2827 ||| Stepping randomly (stuck).
  2828 | D:4      | 2828 ||| Stepping randomly (stuck).
  2829 | D:4      | 2829 ||| Stepping randomly (stuck).
  2830 | D:4      | 2830 ||| Stepping randomly (stuck).
  2831 | D:4      | 2831 ||| Stepping randomly (stuck).
  2832 | D:4      | 2832 ||| Stepping randomly (stuck).
  2833 | D:4      | 2833 ||| Stepping randomly (stuck).
  2834 | D:4      | 2834 ||| Stepping randomly (stuck).
  2835 | D:4      | 2835 ||| Stepping randomly (stuck).
  2836 | D:4      | 2836 ||| Stepping randomly (stuck).
  2837 | D:4      | 2837 ||| Stepping randomly (stuck).
  2838 | D:4      | 2838 ||| Stepping randomly (stuck).
  2839 | D:4      | 2839 ||| Stepping randomly (stuck).
  2840 | D:4      | 2840 ||| Stepping randomly (stuck).
  2841 | D:4      | 2841 ||| Stepping randomly (stuck).
  2842 | D:4      | 2842 ||| Stepping randomly (stuck).
  2843 | D:4      | 2843 ||| Stepping randomly (stuck).
  2844 | D:4      | 2844 ||| Stepping randomly (stuck).
  2845 | D:4      | 2845 ||| Stepping randomly (stuck).
  2846 | D:4      | 2846 ||| Stepping randomly (stuck).
  2847 | D:4      | 2847 ||| Stepping randomly (stuck).
  2848 | D:4      | 2848 ||| Stepping randomly (stuck).
  2849 | D:4      | 2849 ||| Stepping randomly (stuck).
  2850 | D:4      | 2850 ||| Stepping randomly (stuck).
  2851 | D:4      | 2851 ||| Stepping randomly (stuck).
  2852 | D:4      | 2852 ||| Stepping randomly (stuck).
  2853 | D:4      | 2853 ||| Stepping randomly (stuck).
  2854 | D:4      | 2854 ||| Stepping randomly (stuck).
  2855 | D:4      | 2855 ||| Stepping randomly (stuck).
  2856 | D:4      | 2856 ||| Stepping randomly (stuck).
  2857 | D:4      | 2857 ||| Stepping randomly (stuck).
  2858 | D:4      | 2858 ||| Stepping randomly (stuck).
  2859 | D:4      | 2859 ||| Stepping randomly (stuck).
  2860 | D:4      | 2860 ||| Stepping randomly (stuck).
  2861 | D:4      | 2861 ||| Stepping randomly (stuck).
  2862 | D:4      | 2862 ||| Stepping randomly (stuck).
  2863 | D:4      | 2863 ||| Stepping randomly (stuck).
  2864 | D:4      | 2864 ||| Stepping randomly (stuck).
  2865 | D:4      | 2865 ||| Stepping randomly (stuck).
  2866 | D:4      | 2866 ||| Stepping randomly (stuck).
  2867 | D:4      | 2867 ||| Stepping randomly (stuck).
  2868 | D:4      | 2868 ||| Stepping randomly (stuck).
  2869 | D:4      | 2869 ||| Stepping randomly (stuck).
  2870 | D:4      | 2870 ||| Stepping randomly (stuck).
  2871 | D:4      | 2871 ||| Stepping randomly (stuck).
  2872 | D:4      | 2872 ||| Stepping randomly (stuck).
  2873 | D:4      | 2873 ||| Stepping randomly (stuck).
  2874 | D:4      | 2874 ||| Stepping randomly (stuck).
  2875 | D:4      | 2875 ||| Stepping randomly (stuck).
  2876 | D:4      | 2876 ||| Stepping randomly (stuck).
  2877 | D:4      | 2877 ||| Stepping randomly (stuck).
  2878 | D:4      | 2878 ||| Stepping randomly (stuck).
  2879 | D:4      | 2879 ||| Stepping randomly (stuck).
  2880 | D:4      | 2880 ||| Stepping randomly (stuck).
  2881 | D:4      | 2881 ||| Stepping randomly (stuck).
  2882 | D:4      | 2882 ||| Stepping randomly (stuck).
  2883 | D:4      | 2883 ||| Stepping randomly (stuck).
  2884 | D:4      | 2884 ||| Stepping randomly (stuck).
  2885 | D:4      | 2885 ||| Stepping randomly (stuck).
  2886 | D:4      | 2886 ||| Stepping randomly (stuck).
  2887 | D:4      | 2887 ||| Stepping randomly (stuck).
  2888 | D:4      | 2888 ||| Stepping randomly (stuck).
  2889 | D:4      | 2889 ||| Stepping randomly (stuck).
  2890 | D:4      | 2890 ||| Stepping randomly (stuck).
  2891 | D:4      | 2891 ||| Stepping randomly (stuck).
  2892 | D:4      | 2892 ||| Stepping randomly (stuck).
  2893 | D:4      | 2893 ||| Stepping randomly (stuck).
  2894 | D:4      | 2894 ||| Stepping randomly (stuck).
  2895 | D:4      | 2895 ||| Stepping randomly (stuck).
  2896 | D:4      | 2896 ||| Stepping randomly (stuck).
  2897 | D:4      | 2897 ||| Stepping randomly (stuck).
  2898 | D:4      | 2898 ||| Stepping randomly (stuck).
  2899 | D:4      | 2899 ||| Stepping randomly (stuck).
  2900 | D:4      | 2900 ||| Stepping randomly (stuck).
  2901 | D:4      | 2901 ||| Stepping randomly (stuck).
  2902 | D:4      | 2902 ||| Stepping randomly (stuck).
  2903 | D:4      | 2903 ||| Stepping randomly (stuck).
  2904 | D:4      | 2904 ||| Stepping randomly (stuck).
  2905 | D:4      | 2905 ||| Stepping randomly (stuck).
  2906 | D:4      | 2906 ||| Stepping randomly (stuck).
  2907 | D:4      | 2907 ||| Stepping randomly (stuck).
  2908 | D:4      | 2908 ||| Stepping randomly (stuck).
  2909 | D:4      | 2909 ||| Stepping randomly (stuck).
  2910 | D:4      | 2910 ||| Stepping randomly (stuck).
  2911 | D:4      | 2911 ||| Stepping randomly (stuck).
  2912 | D:4      | 2912 ||| Stepping randomly (stuck).
  2913 | D:4      | 2913 ||| Stepping randomly (stuck).
  2914 | D:4      | 2914 ||| Stepping randomly (stuck).
  2915 | D:4      | 2915 ||| Stepping randomly (stuck).
  2916 | D:4      | 2916 ||| Stepping randomly (stuck).
  2917 | D:4      | 2917 ||| Stepping randomly (stuck).
  2918 | D:4      | 2918 ||| Stepping randomly (stuck).
  2919 | D:4      | 2919 ||| Stepping randomly (stuck).
  2920 | D:4      | 2920 ||| Stepping randomly (stuck).
  2921 | D:4      | 2921 ||| Stepping randomly (stuck).
  2922 | D:4      | 2922 ||| Stepping randomly (stuck).
  2923 | D:4      | 2923 ||| Stepping randomly (stuck).
  2924 | D:4      | 2924 ||| Stepping randomly (stuck).
  2925 | D:4      | 2925 ||| Stepping randomly (stuck).
  2926 | D:4      | 2926 ||| Stepping randomly (stuck).
  2927 | D:4      | 2927 ||| Stepping randomly (stuck).
  2928 | D:4      | 2928 ||| Stepping randomly (stuck).
  2929 | D:4      | 2929 ||| Stepping randomly (stuck).
  2930 | D:4      | 2930 ||| Stepping randomly (stuck).
  2931 | D:4      | 2931 ||| Stepping randomly (stuck).
  2932 | D:4      | 2932 ||| Stepping randomly (stuck).
  2933 | D:4      | 2933 ||| Stepping randomly (stuck).
  2934 | D:4      | 2934 ||| Stepping randomly (stuck).
  2935 | D:4      | 2935 ||| Stepping randomly (stuck).
  2936 | D:4      | 2936 ||| Stepping randomly (stuck).
  2937 | D:4      | 2937 ||| Stepping randomly (stuck).
  2938 | D:4      | 2938 ||| Stepping randomly (stuck).
  2939 | D:4      | 2939 ||| Stepping randomly (stuck).
  2940 | D:4      | 2940 ||| Stepping randomly (stuck).
  2941 | D:4      | 2941 ||| Stepping randomly (stuck).
  2942 | D:4      | 2942 ||| Stepping randomly (stuck).
  2943 | D:4      | 2943 ||| Stepping randomly (stuck).
  2944 | D:4      | 2944 ||| Stepping randomly (stuck).
  2945 | D:4      | 2945 ||| Stepping randomly (stuck).
  2946 | D:4      | 2946 ||| Stepping randomly (stuck).
  2947 | D:4      | 2947 ||| Stepping randomly (stuck).
  2948 | D:4      | 2948 ||| Stepping randomly (stuck).
  2949 | D:4      | 2949 ||| Stepping randomly (stuck).
  2950 | D:4      | 2950 ||| Stepping randomly (stuck).
  2951 | D:4      | 2951 ||| Stepping randomly (stuck).
  2952 | D:4      | 2952 ||| Stepping randomly (stuck).
  2953 | D:4      | 2953 ||| Stepping randomly (stuck).
  2954 | D:4      | 2954 ||| Stepping randomly (stuck).
  2955 | D:4      | 2955 ||| Stepping randomly (stuck).
  2956 | D:4      | 2956 ||| Stepping randomly (stuck).
  2957 | D:4      | 2957 ||| Stepping randomly (stuck).
  2958 | D:4      | 2958 ||| Stepping randomly (stuck).
  2959 | D:4      | 2959 ||| Stepping randomly (stuck).
  2960 | D:4      | 2960 ||| Stepping randomly (stuck).
  2961 | D:4      | 2961 ||| Stepping randomly (stuck).
  2962 | D:4      | 2962 ||| Stepping randomly (stuck).
  2963 | D:4      | 2963 ||| Stepping randomly (stuck).
  2964 | D:4      | 2964 ||| Stepping randomly (stuck).
  2965 | D:4      | 2965 ||| Stepping randomly (stuck).
  2966 | D:4      | 2966 ||| Stepping randomly (stuck).
  2967 | D:4      | 2967 ||| Stepping randomly (stuck).
  2968 | D:4      | 2968 ||| Stepping randomly (stuck).
  2969 | D:4      | 2969 ||| Stepping randomly (stuck).
  2970 | D:4      | 2970 ||| Stepping randomly (stuck).
  2971 | D:4      | 2971 ||| Stepping randomly (stuck).
  2972 | D:4      | 2972 ||| Stepping randomly (stuck).
  2973 | D:4      | 2973 ||| Stepping randomly (stuck).
  2974 | D:4      | 2974 ||| Stepping randomly (stuck).
  2975 | D:4      | 2975 ||| Stepping randomly (stuck).
  2976 | D:4      | 2976 ||| Stepping randomly (stuck).
  2977 | D:4      | 2977 ||| Stepping randomly (stuck).
  2978 | D:4      | 2978 ||| Stepping randomly (stuck).
  2979 | D:4      | 2979 ||| Stepping randomly (stuck).
  2980 | D:4      | 2980 ||| Stepping randomly (stuck).
  2981 | D:4      | 2981 ||| Stepping randomly (stuck).
  2982 | D:4      | 2982 ||| Stepping randomly (stuck).
  2983 | D:4      | 2983 ||| Stepping randomly (stuck).
  2984 | D:4      | 2984 ||| Stepping randomly (stuck).
  2985 | D:4      | 2985 ||| Stepping randomly (stuck).
  2986 | D:4      | 2986 ||| Stepping randomly (stuck).
  2987 | D:4      | 2987 ||| Stepping randomly (stuck).
  2988 | D:4      | 2988 ||| Stepping randomly (stuck).
  2989 | D:4      | 2989 ||| Stepping randomly (stuck).
  2990 | D:4      | 2990 ||| Stepping randomly (stuck).
  2991 | D:4      | 2991 ||| Stepping randomly (stuck).
  2992 | D:4      | 2992 ||| Stepping randomly (stuck).
  2993 | D:4      | 2993 ||| Stepping randomly (stuck).
  2994 | D:4      | 2994 ||| Stepping randomly (stuck).
  2995 | D:4      | 2995 ||| Stepping randomly (stuck).
  2996 | D:4      | 2996 ||| Stepping randomly (stuck).
  2997 | D:4      | 2997 ||| Stepping randomly (stuck).
  2998 | D:4      | 2998 ||| Stepping randomly (stuck).
  2999 | D:4      | 2999 ||| Stepping randomly (stuck).
  3000 | D:4      | 3000 ||| Stepping randomly (stuck).
  3001 | D:4      | 3001 ||| Stepping randomly (stuck).
  3002 | D:4      | 3002 ||| Stepping randomly (stuck).
  3003 | D:4      | 3003 ||| Stepping randomly (stuck).
  3004 | D:4      | 3004 ||| Stepping randomly (stuck).
  3005 | D:4      | 3005 ||| Stepping randomly (stuck).
  3006 | D:4      | 3006 ||| Stepping randomly (stuck).
  3007 | D:4      | 3007 ||| Stepping randomly (stuck).
  3008 | D:4      | 3008 ||| Stepping randomly (stuck).
  3009 | D:4      | 3009 ||| Stepping randomly (stuck).
  3010 | D:4      | 3010 ||| Stepping randomly (stuck).
  3011 | D:4      | 3011 ||| Stepping randomly (stuck).
  3012 | D:4      | 3012 ||| Stepping randomly (stuck).
  3013 | D:4      | 3013 ||| Stepping randomly (stuck).
  3014 | D:4      | 3014 ||| Stepping randomly (stuck).
  3015 | D:4      | 3015 ||| Stepping randomly (stuck).
  3016 | D:4      | 3016 ||| Stepping randomly (stuck).
  3017 | D:4      | 3017 ||| Stepping randomly (stuck).
  3018 | D:4      | 3018 ||| Stepping randomly (stuck).
  3019 | D:4      | 3019 ||| Stepping randomly (stuck).
  3020 | D:4      | 3020 ||| Stepping randomly (stuck).
  3021 | D:4      | 3021 ||| Stepping randomly (stuck).
  3022 | D:4      | 3022 ||| Stepping randomly (stuck).
  3023 | D:4      | 3023 ||| Stepping randomly (stuck).
  3024 | D:4      | 3024 ||| Stepping randomly (stuck).
  3025 | D:4      | 3025 ||| Stepping randomly (stuck).
  3026 | D:4      | 3026 ||| Stepping randomly (stuck).
  3027 | D:4      | 3027 ||| Stepping randomly (stuck).
  3028 | D:4      | 3028 ||| Stepping randomly (stuck).
  3029 | D:4      | 3029 ||| Stepping randomly (stuck).
  3030 | D:4      | 3030 ||| Stepping randomly (stuck).
  3031 | D:4      | 3031 ||| Stepping randomly (stuck).
  3032 | D:4      | 3032 ||| Stepping randomly (stuck).
  3033 | D:4      | 3033 ||| Stepping randomly (stuck).
  3034 | D:4      | 3034 ||| Stepping randomly (stuck).
  3035 | D:4      | 3035 ||| Stepping randomly (stuck).
  3036 | D:4      | 3036 ||| Stepping randomly (stuck).
  3037 | D:4      | 3037 ||| Stepping randomly (stuck).
  3038 | D:4      | 3038 ||| Stepping randomly (stuck).
  3039 | D:4      | 3039 ||| Stepping randomly (stuck).
  3040 | D:4      | 3040 ||| Stepping randomly (stuck).
  3041 | D:4      | 3041 ||| Stepping randomly (stuck).
  3042 | D:4      | 3042 ||| Stepping randomly (stuck).
  3043 | D:4      | 3043 ||| Stepping randomly (stuck).
  3044 | D:4      | 3044 ||| Stepping randomly (stuck).
  3045 | D:4      | 3045 ||| Stepping randomly (stuck).
  3046 | D:4      | 3046 ||| Stepping randomly (stuck).
  3047 | D:4      | 3047 ||| Stepping randomly (stuck).
  3048 | D:4      | 3048 ||| Stepping randomly (stuck).
  3049 | D:4      | 3049 ||| Stepping randomly (stuck).
  3050 | D:4      | 3050 ||| Stepping randomly (stuck).
  3051 | D:4      | 3051 ||| Stepping randomly (stuck).
  3052 | D:4      | 3052 ||| Stepping randomly (stuck).
  3053 | D:4      | 3053 ||| Stepping randomly (stuck).
  3054 | D:4      | 3054 ||| Stepping randomly (stuck).
  3055 | D:4      | 3055 ||| Stepping randomly (stuck).
  3056 | D:4      | 3056 ||| Stepping randomly (stuck).
  3057 | D:4      | 3057 ||| Stepping randomly (stuck).
  3058 | D:4      | 3058 ||| Stepping randomly (stuck).
  3059 | D:4      | 3059 ||| Stepping randomly (stuck).
  3060 | D:4      | 3060 ||| Stepping randomly (stuck).
  3061 | D:4      | 3061 ||| Stepping randomly (stuck).
  3062 | D:4      | 3062 ||| Stepping randomly (stuck).
  3063 | D:4      | 3063 ||| Stepping randomly (stuck).
  3064 | D:4      | 3064 ||| Stepping randomly (stuck).
  3065 | D:4      | 3065 ||| Stepping randomly (stuck).
  3066 | D:4      | 3066 ||| Stepping randomly (stuck).
  3067 | D:4      | 3067 ||| Stepping randomly (stuck).
  3068 | D:4      | 3068 ||| Stepping randomly (stuck).
  3069 | D:4      | 3069 ||| Stepping randomly (stuck).
  3070 | D:4      | 3070 ||| Stepping randomly (stuck).
  3071 | D:4      | 3071 ||| Stepping randomly (stuck).
  3072 | D:4      | 3072 ||| Stepping randomly (stuck).
  3073 | D:4      | 3073 ||| Stepping randomly (stuck).
  3074 | D:4      | 3074 ||| Stepping randomly (stuck).
  3075 | D:4      | 3075 ||| Stepping randomly (stuck).
  3076 | D:4      | 3076 ||| Stepping randomly (stuck).
  3077 | D:4      | 3077 ||| Stepping randomly (stuck).
  3078 | D:4      | 3078 ||| Stepping randomly (stuck).
  3079 | D:4      | 3079 ||| Stepping randomly (stuck).
  3080 | D:4      | 3080 ||| Stepping randomly (stuck).
  3081 | D:4      | 3081 ||| Stepping randomly (stuck).
  3082 | D:4      | 3082 ||| Stepping randomly (stuck).
  3083 | D:4      | 3083 ||| Stepping randomly (stuck).
  3084 | D:4      | 3084 ||| Stepping randomly (stuck).
  3085 | D:4      | 3085 ||| Stepping randomly (stuck).
  3086 | D:4      | 3086 ||| Stepping randomly (stuck).
  3087 | D:4      | 3087 ||| Stepping randomly (stuck).
  3088 | D:4      | 3088 ||| Stepping randomly (stuck).
  3089 | D:4      | 3089 ||| Stepping randomly (stuck).
  3090 | D:4      | 3090 ||| Stepping randomly (stuck).
  3091 | D:4      | 3091 ||| Stepping randomly (stuck).
  3092 | D:4      | 3092 ||| Stepping randomly (stuck).
  3093 | D:4      | 3093 ||| Stepping randomly (stuck).
  3094 | D:4      | 3094 ||| Stepping randomly (stuck).
  3095 | D:4      | 3095 ||| Stepping randomly (stuck).
  3096 | D:4      | 3096 ||| Stepping randomly (stuck).
  3097 | D:4      | 3097 ||| Stepping randomly (stuck).
  3098 | D:4      | 3098 ||| Stepping randomly (stuck).
  3099 | D:4      | 3099 ||| Stepping randomly (stuck).
  3100 | D:4      | 3100 ||| Stepping randomly (stuck).
  3101 | D:4      | 3101 ||| Stepping randomly (stuck).
  3102 | D:4      | 3102 ||| Stepping randomly (stuck).
  3103 | D:4      | 3103 ||| Stepping randomly (stuck).
  3104 | D:4      | 3104 ||| Stepping randomly (stuck).
  3105 | D:4      | 3105 ||| Stepping randomly (stuck).
  3106 | D:4      | 3106 ||| Stepping randomly (stuck).
  3107 | D:4      | 3107 ||| Stepping randomly (stuck).
  3108 | D:4      | 3108 ||| Stepping randomly (stuck).
  3109 | D:4      | 3109 ||| Stepping randomly (stuck).
  3110 | D:4      | 3110 ||| Stepping randomly (stuck).
  3111 | D:4      | 3111 ||| Stepping randomly (stuck).
  3112 | D:4      | 3112 ||| Stepping randomly (stuck).
  3113 | D:4      | 3113 ||| Stepping randomly (stuck).
  3113 | D:4      | 3113 ||| RIP OSSUARY
  3114 | D:4      | 3114 ||| PLANNING TEMPLE
  3117 | Temple   | Entered the Ecumenical Temple
  3196 | Temple   | 3196 ||| PLANNING OKAWARU WORSHIP
  3211 | Temple   | Became a worshipper of Warmaster Okawaru
  3212 | Temple   | 3212 ||| PLANNING D:1-11
  3212 | Temple   | 3212 ||| REMOVING amulet of guardian spirit.
  3217 | Temple   | 3217 ||| DROPPING amulet of guardian spirit.
  3326 | D:4      | Reached XP level 6. HP: 12/35 MP: 8/8
  3479 | D:4      | Noticed Ijyb
  3487 | D:4      | Killed Ijyb
  3639 | D:4      | Reached skill level 1 in Armour
  3797 | D:4      | Reached skill level 10 in Ranged Weapons
  3797 | D:4      | Reached XP level 7. HP: 14/40 MP: 9/9
  3797 | D:4      | 3797 ||| DRINKING 2 potions of curing.
  3797 | D:4      | 3797 ||| (to cure poison)
  3878 | D:4      | Reached * piety under Okawaru
  3879 | D:4      | 3879 ||| INVOKING Heroism.
  4014 | D:5      | Entered Level 5 of the Dungeon
  4192 | D:5      | Noticed Sigmund
  4198 | D:5      | 4198 ||| DRINKING potion of curing.
  4198 | D:5      | 4198 ||| (to cure confusion)
  4204 | D:5      | Killed Sigmund
  4205 | D:5      | Reached skill level 11 in Ranged Weapons
  4231 | D:5      | Noticed Grinder
  4232 | D:5      | 4232 ||| INVOKING Heroism.
  4237 | D:5      | Reached skill level 1 in Invocations
  4240 | D:5      | Killed Grinder
  4240 | D:5      | Reached ** piety under Okawaru
  4241 | D:5      | Reached XP level 8. HP: 44/44 MP: 7/12
  4244 | D:5      | 4244 ||| FLEEEEING.
  4245 | D:5      | 4245 ||| FLEEEEING.
  4255 | D:5      | 4255 ||| STAIRDANCE
  4294 | D:5      | Reached skill level 12 in Ranged Weapons
  4294 | D:5      | Reached skill level 3 in Invocations
  4501 | D:5      | 4501 ||| INVOKING Heroism.
  4561 | D:5      | Noticed Edmund
  4562 | D:5      | 4562 ||| INVOKING Heroism.
  4571 | D:5      | Killed Edmund
  4572 | D:5      | Reached skill level 3 in Fighting
  4997 | D:5      | 4997 ||| READING 2 scrolls of identify.
  4997 | D:5      | 4997 ||| IDENTIFYING white potion
  4998 | D:5      | 4998 ||| DROPPING potion of degeneration.
  5144 | D:6      | 5144 ||| INVOKING Heroism.
  5180 | D:6      | Found a white marble altar of Elyvilon.
  5291 | D:6      | Identified the +3 rapier of the Forest {flame, rN+}
  5310 | D:6      | 5310 ||| INVOKING Heroism.
  5315 | D:6      | HP: 10/46 [gnoll sergeant/+0 spear (7)]
  5319 | D:6      | HP: 3/46 [gnoll sergeant/+0 spear (3)]
  5320 | D:6      | Slain by a gnoll

Levels and vault maps discovered:
D:1:      eino_arrival_cavern_d, layout_loops_ring
D:2:      layout_basic, chequers_garden, nicolae_half_adder
D:3:      layout_basic, mainiacjoe_overflow_big_doors
D:4:      layout_loops_ring, temple_hall, enter_ossuary_3,
          minmay_misc_feat_tiny, uniq_ijyb
D:5:      layout_basic, uniq_sigmund, uniq_grinder, uniq_edmund
D:6:      layout_layer_cave, lemuel_round_altar, skrybe_limestone_x,
          minmay_misc_feat_enclosed, uniq_blork_the_orc, uniq_maggie
Temple:   lightli_temple_of_artemis

Skill      XL: |  1  2  3  4  5  6  7  8 |
---------------+-------------------------+-----
Ranged Weapons | 6 7 8 9 10 11 12 | 12.7
Dodging        | 3 4 5 |  5.5
Fighting       | 2 3 |  3.5
Armour         | 1 |  1.2
Invocations    | 2 4 |  4.1
Stealth        | |  1.2

Action                     |  1- 3 |  4- 6 |  7- 9 || total
---------------------------+-------+-------+-------++-------
   Fire: Shortbow          |    98 |   145 |   173 ||   416
 Invoke: Heroism           |       |       |     6 ||     6
    Use: Scroll            |     1 |    10 |     1 ||    12
         Potion            |     1 |       |     2 ||     3
 Armour: Leather armour    |     5 |     2 |       ||     7
         Ring mail         |       |     8 |    11 ||    19
  Dodge: Dodged            |    36 |    33 |    37 ||   106

Table legend:
 A = Non-vault XP
 B = Vault XP
 C = Vault XP percentage of total XP
 D = Non-vault monster count
 E = Vault monster count
 F = Vault count percentage of total count
                 A         B        C        D         E       F
            +---------+---------+-------+---------+---------+-------
      Total |    1948 |     744 |  27.6 |     106 |       7 |   6.2
            +---------+---------+-------+---------+---------+-------
        D:1 |      26 |       0 |   0.0 |      16 |       0 |   0.0
        D:2 |      80 |      40 |  33.3 |      20 |       3 |  13.0
        D:3 |      15 |       0 |   0.0 |       9 |       0 |   0.0
        D:4 |     622 |      36 |   5.5 |      30 |       1 |   3.2
        D:5 |     670 |     668 |  49.9 |      16 |       3 |  15.8
        D:6 |     535 |       0 |   0.0 |      15 |       0 |   0.0
            +---------+---------+-------+---------+---------+-------
